 Dungeon Crawl Stone Soup version 0.20.1-1-g8b1a95d (webtiles) character file.

556740 stebl the Hoplite (level 26, -2/211 HPs)
             Began as a Gargoyle Fighter on July 12, 2017.
             Was the Champion of Okawaru.
             Slain by an Orb Guardian (17 damage)
             ... on level 5 of the Realm of Zot on July 13, 2017.
             The game lasted 03:29:39 (42136 turns).

stebl the Hoplite (Gargoyle Fighter)               Turns: 42136, Time: 03:29:39

Health: -2/211     AC: 62    Str: 37    XL:     26   Next: 50%
Magic:  0/33       EV: 24    Int: 11    God:    Okawaru [******]
Gold:   1401       SH: 36    Dex: 22    Spells: 18/25 levels left

rFire    + . .     SeeInvis +   a - +9 eveningstar of Joiny {elec, MR+}
rCold    + + .     Gourm    .   Q - +6 large shield of the Hot Ocelot {rF+ Dex+4}
rNeg     + . .     Faith    .   S - +8 crystal plate armour of the Abyss {rC+ Str+4}
rPois    ∞         Spirit   +   w - +0 mask of the Dragon {MR+ Slay+3 SInv}
rElec    +         Reflect  .   K - scarf {Spirit}
rCorr    .         Harm     .   l - +2 pair of gloves {Str+3}
MR       +++..     Clarity  +   H - +2 pair of boots {run} Stlth ..........Rnd*Tele +
                                c - amulet of regeneration
Regen    0.9/turn               P - +4 ring of dexterity
MPRegen  0.3/turn               h - ring of protection from cold

@: berserking, about to teleport, heroism, flying, hasted, very quick
A: antennae 1, big wings, repulsion field 1, molten scales 1, blurry vision 1,
clarity, deterioration 1, frail 2, negative energy resistance 1, screaming 1,
electricity resistance, teleportitis 1, unbreathing, petrification resistance,
rot immunity, AC +19
}: 3/15 runes: serpentine, barnacled, abyssal
a: Stop Flying, Heroism, Finesse, Renounce Religion


You were on level 5 of the Realm of Zot.
You worshipped Okawaru.
Okawaru was exalted by your worship.
You were not hungry.

You visited 7 branches of the dungeon, and saw 40 of its levels.
You visited the Abyss 3 times.
You also visited: Sewer and Ice Cave.

You collected 2798 gold pieces.
You spent 1397 gold pieces at shops.

Inventory:

Hand Weapons
 a - the +9 eveningstar of Joiny (weapon) {elec, MR+}
   (You acquired it on level 1 of the Lair of Beasts)

   Occasionally, upon striking a foe, it will discharge some electrical energy
   and cause terrible harm.
   It affects your resistance to hostile enchantments.
 b - a +8 demon whip of chaos
Missiles
 v - 23 poisoned javelins
 G - 4 steel javelins
 I - 38 javelins of penetration
 M - a throwing net
 O - 50 javelins (quivered)
Armour
 l - a +2 pair of gloves of strength (worn)
 w - the +0 mask of the Dragon (worn) {MR+ Slay+3 SInv}
   (Okawaru gifted it to you on level 2 of the Depths)

   It affects your accuracy and damage with ranged weapons and melee attacks
   (+3).
   It affects your resistance to hostile enchantments.
   It lets you see invisible.
 H - a +2 pair of boots of running (worn)
 K - a scarf of spirit shield (worn)
 Q - the +6 large shield of the Hot Ocelot (worn) {rF+ Dex+4}
   (You took it off a daeva on level 4 of the Abyss)

   It affects your dexterity (+4).
   It protects you from fire.
 S - the +8 crystal plate armour of the Abyss (worn) {rC+ Str+4}
   (Okawaru gifted it to you on level 4 of the Lair of Beasts)

   It affects your strength (+4).
   It protects you from cold.
Jewellery
 c - an amulet of regeneration (around neck)
 h - a ring of protection from cold (right hand)
 A - an uncursed ring of fire
 L - an uncursed ring of positive energy
 P - a +4 ring of dexterity (left hand)
Wands
 f - a wand of acid (8/15)
 z - a wand of digging (5/24)
 T - a wand of iceblast (9/15)
 U - a wand of clouds (4/9)
 X - a wand of random effects (17/48)
 Z - a wand of disintegration (4/24)
Scrolls
 d - a scroll of brand weapon
 m - 6 scrolls of identify
 n - 11 scrolls of blinking
 p - 9 scrolls of fear
 s - 12 scrolls of magic mapping
 y - 8 scrolls of recharging
 D - 5 scrolls of teleportation
 E - 2 scrolls of holy word
 R - 9 scrolls of remove curse
Potions
 e - 23 potions of curing
 k - 3 potions of might
 o - a potion of invisibility
 u - 7 potions of brilliance
 x - a potion of berserk rage
 B - 6 potions of haste
 C - 4 potions of resistance
 J - 3 potions of agility
 N - 2 potions of ambrosia
 V - 2 potions of cancellation
Miscellaneous
 q - a lightning rod (4/4)
Comestibles
 g - 21 meat rations
 i - 3 chunks of flesh
 j - 22 royal jellies
 F - 7 bread rations
 W - 4 fruits


   Skills:
 - Level 21.5(26.5) Fighting
 - Level 16.0(21.0) Maces & Flails
 * Level 15.8(20.8) Throwing
 - Level 12.6(17.6) Armour
 * Level 13.4(18.4) Dodging
 - Level 13.8(18.8) Stealth
 - Level 25.0(27) Shields
 - Level 14.0 Invocations


You had 18 spell levels left.
You knew the following spells:

 Your Spells              Type           Power        Failure   Level  Hunger
a - Apportation           Tloc           #.....       96%         1    ##.....
b - Deflect Missiles      Chrm/Air       #.........   100%        6    #######


Dungeon Overview and Level Annotations

Branches:
Dungeon (15/15)            Temple (1/1) D:6            Lair (6/6) D:8
 Shoals (4/4) Lair:3        Snake (4/4) Lair:2        Slime (0/5) Lair:6
    Orc (0/2) D:11         Vaults (0/5) D:13         Depths (5/5) D:15
    Zot (5/5) Depths:5

Altars:
Ashenzari
Cheibriados
Dithmenos
Elyvilon
Fedhas
Gozag
Hepliaklqana
Kikubaaqudgha
Makhleb
Nemelex Xobeh
Okawaru
Qazlal
Ru
Sif Muna
Trog
Uskayaw
Vehumet
Xom
Yredelemnul
Zin
The Shining One

Shops:
D:12 (   D:14 *   Shoals:4 !   Snake:2 !(}*   Snake:3 :*[((   Snake:4 =

Portals:
Hell: Depths:1 Depths:2 Depths:3 Depths:4 Depths:5
Abyss: Depths:1 Depths:3
Pandemonium: Depths:3
Ziggurat: Depths:1
Trove: Depths:1 (give 8 potions of agility)

Annotations:
D:2 Sigmund
D:10 1 runed door
Lair:4 exclusion: oklob plant
Depths:2 2 transporters
Depths:4 exclusion: 2 ice statues


Innate Abilities, Weirdness & Mutations

You are resistant to torment.
Your stone body is resilient. (AC +19)
You are immune to poison.
Your large and strong wings let you fly indefinitely.
You resist negative energy. (rN+)
You are resistant to electric shocks. (rElec)
You can survive without breathing.
You are immune to petrification.
You are immune to rotting.
You have a pair of small antennae on your head.
You are surrounded by a mild repulsion field. (EV +2)
You are partially covered in molten scales. (AC +2)
Scrolls take you a little longer to read.
You possess an exceptional clarity of mind.
Your body sometimes deteriorates upon taking damage.
You are very frail. (-20% HP)
You occasionally shout uncontrollably at your foes.
You are occasionally teleported next to monsters.


Message History

You block the storm dragon's attack. x2; The storm dragon barely misses you.
You block the storm dragon's attack. x2; The storm dragon closely misses you.
The Killer Klown says, "Come and play with me!"
The orb of fire glows deep purple.
Strange energies course through your body.
You feel yourself wasting away. The Orb Guardian completely misses you.
The Orb Guardian hits you but does no damage.
The Orb Guardian hits you!
* * * LOW HITPOINT WARNING * * *
You bludgeon the orb of fire!!
You destroy the orb of fire!
Okawaru accepts your kill.
The electric golem blinks!
You block the storm dragon's attack. x2
The storm dragon completely misses you.
The moth of wrath bites you but does no damage.
You block the storm dragon's attack. x2
The storm dragon tramples you but does no damage.
The Orb Guardian hits you!!
You die...

***,,,,,,,,,,,,,,,,,§,**
**,,,,,,...............,**
*,,,,,,,...............,,*
**,,,,,,,...............,,*
**,,,,,,,...............,**
,*,,,,,,,....f).X.......**
,,,,,,,,,.......Xyf....▓*
,*,,,,,,,.....pXXXf.8...**
**,,,,,,,.....fy@.§.....,**
**,,,,,,,.....fDDz......,,*
*,,,,,,,......ff.f.....,,*
**,,,,,,...............,**
***,,,,...............**
****,............▓▓▓*
**▓▓▓▓▓▓▓▓▓▓▓▓▓


You could see a Killer Klown, an electric golem, 2 storm dragons, a curse toe, 5
Orb Guardians, 2 moths of wrath and 8 wandering mushrooms.

Vanquished Creatures
  The ghost of Dharilos the Cryomancer, a legendary HuCj of Vehumet (Zot:3)
  An ancient lich (Zot:5)
  3 orbs of fire
  The ghost of Ruich the Slayer, a veteran DsGl of Yredelemnul (Zot:4)
  Margery (Depths:4)
  A curse toe (Zot:3)
  9 golden dragons
  Jory (Depths:5)
  6 bone dragons
  A hellephant (Abyss:3)
  3 electric golems
  13 tentacled monstrosities
  An Orb Guardian (Zot:5)
  A Hell Sentinel (Abyss:1)
  4 titans
  An Ice Fiend (Depths:4)
  Asterion (Depths:2)
  2 deep elf blademasters (Abyss:5)
  4 liches
  6 quicksilver dragons
  Gastronok (Lair:1)
  17 tentacled starspawn
  10 death cobs
  Frances (D:13)
  2 thorn hunters (Abyss:5)
  10 storm dragons
  6 shadow dragons
  Donald (Shoals:4)
  8 nagarajas (Snake:4)
  3 revenants
  5 draconian monks
  Ilsuiw (Shoals:4)
  5 draconian knights
  6 frost giants
  2 deep elf sorcerers (Abyss:5)
  A cacodemon (Abyss:3)
  2 daevas (Abyss:4)
  7 fire giants
  4 draconian scorchers
  4 draconian shifters
  2 balrugs
  2 ghost moths (Zot:3)
  5 draconian stormcallers
  2 deep elf elementalists (Abyss:4)
  An angel (Abyss:4)
  6 draconian annihilators
  A reaper (Abyss:3)
  14 stone giants
  19 very ugly things
  An entropy weaver (D:13)
  2 vampire knights
  8 green draconians
  21 black draconians
  6 purple draconians
  4 white draconians
  3 dire elephants
  10 red draconians
  5 yellow draconians
  7 merfolk javelineers
  3 green deaths
  An eidolon (Abyss:4)
  3 merfolk impalers (Shoals:4)
  3 ogre magi
  11 ettins
  7 yaktaur captains
  11 great orbs of eyes
  8 fire dragons
  Fannar (Lair:3)
  Erolcha (D:9)
  15 naga warriors
  7 vault guards (D:13)
  15 anacondas
  7 ice dragons
  11 rakshasas
  The ghost of antares the Impaler, a journeyman MfGl of Elyvilon (Lair:1)
  7 centaur warriors
  A death knight (D:13)
  5 hydras
  3 catoblepae (Lair:6)
  The ghost of hawkwood the Champion of Chaos, a journeyman DsWz of Makhleb (Lair:2)
  3 alligator snapping turtles
  20 two-headed ogres
  4 satyrs
  5 merfolk avatars
  5 hell hogs
  8 merfolk aquamancers
  7 deep troll earth magi
  6 death yaks (Lair:6)
  8 deep troll shamans
  5 tengu warriors
  A vampire mage (Abyss:3)
  28 thrashing horrors
  10 shock serpents
  14 naga sharpshooters
  5 hell knights (Depths:4)
  2 sun demons
  4 salamander mystics
  19 wretched stars
  5 sixfirhies
  6 iron trolls
  23 deep trolls
  10 sea snakes
  7 naga ritualists
  2 torturous demonspawn (Depths:3)
  A shadow demon (Abyss:3)
  3 unseen horrors
  5 wizards
  A glowing orange brain (shapeshifter) (Abyss:3)
  5 glowing orange brains
  A shadow dragon zombie (Abyss:4)
  A shambling mangrove (Abyss:5)
  A wolf spider zombie (Abyss:3)
  A phantasmal warrior (Abyss:4)
  4 deep elf magi
  An orc knight (D:15)
  8 mana vipers (Snake:2)
  18 harpies
  7 cyclopes
  A mana viper (shapeshifter) (Depths:3)
  16 salamanders
  A frost giant zombie (Abyss:3)
  11 fauns
  28 ugly things
  13 worldbinders
  6 elephants (Lair:4)
  12 manticores
  Maurice (D:9)
  3 centaur zombies
  32 moths of wrath
  20 naga magi
  10 merfolk sirens
  5 water nymphs
  34 black mambas
  5 apocalypse crabs
  14 guardian serpents
  6 smoke demons
  2 ice statues (IceCv)
  7 orange demons
  A torpor snail (Lair:6)
  2 gargoyles
  8 spiny frogs
  2 komodo dragons (shapeshifter)
  A demonic crawler (Abyss:4)
  A hellion (Depths:3)
  4 komodo dragons
  20 yaktaurs
  2 kobold demonologists (D:15)
  An efreet (Abyss:3)
  4 red devils
  3 tengu conjurers
  15 ice devils
  A freezing wraith (D:13)
  3 hellwings
  12 ancient zymes
  A queen bee (shapeshifter) (D:15)
  A queen bee (D:8)
  17 merfolk
  3 meliai (D:14)
  Prince Ribbit (D:7)
  4 trolls
  10 wind drakes
  6 hornets
  37 large abominations
  8 dream sheep (Shoals:3)
  3 polar bears
  12 blink frogs
  27 raiju
  9 slime creatures
  A raiju (shapeshifter) (Depths:1)
  11 snapping turtles
  10 flying skulls
  14 hippogriffs
  20 water elementals
  73 starcursed masses
  8 ynoxinuls
  A shadow (D:14)
  4 wraiths
  5 wyverns
  2 basilisks (shapeshifter) (Abyss:4)
  4 vampires
  76 yaks
  5 golden eyes (Abyss:4)
  8 basilisks (Lair:3)
  16 neqoxecs
  10 vampire mosquitoes
  10 chaos spawn
  2 hungry ghosts
  53 nagas
  14 water moccasins
  7 porcupines
  6 hell hounds
  A swamp drake (D:11)
  5 sky beasts
  A black bear (D:7)
  5 ice beasts
  An ice dragon simulacrum (Abyss:3)
  10 orc warriors
  A black mamba simulacrum (Abyss:3)
  11 ogres
  A phantom (D:7)
  14 wolves
  35 centaurs
  26 small abominations
  11 boggarts
  11 crocodiles
  17 bullfrogs
  2 wyvern zombies (D:12)
  A water moccasin zombie (D:5)
  A hornet simulacrum (D:14)
  3 scorpions
  A water moccasin skeleton (D:11)
  24 killer bees
  13 wights
  3 electric eels (Lair:3)
  A howler monkey (D:5)
  7 crimson imps
  8 centaur skeletons
  6 jellies
  11 orc priests
  4 quasits
  8 hounds
  2 iron imps
  14 orc wizards
  4 bullfrog skeletons
  An iguana (shapeshifter) (D:11)
  Terence (D:2)
  6 iguanas
  Natasha (thrice) (D:3 D:4)
  8 worker ants
  4 worker ant zombies
  3 gnolls (D:7)
  14 adders
  A river rat (D:5)
  2 shadow imps
  15 white imps
  5 ufetubi
  An ooze (D:3)
  2 dart slugs
  7 leopard geckos
  64 orcs
  8 ball pythons
  6 giant cockroaches
  3 goblins
  7 hobgoblins
  9 jackals
  8 quokkas
  11 bats
  3 frilled lizards
  A jackal skeleton (D:8)
  8 kobolds
  A quokka skeleton (D:4)
  A quokka zombie (D:6)
  9 rats
  A fire vortex (Depths:4)
  A lurking horror (Abyss:4)
  A plant (Sewer)
  8 starspawn tentacles
1954 creatures vanquished.

Vanquished Creatures (collateral kills)
  A water elemental (Shoals:3)
1 creature vanquished.

Vanquished Creatures (others)
  A reaper (IceCv)
  A merfolk aquamancer (Shoals:1)
  A wizard (Depths:3)
  A moth of wrath (Zot:2)
  A raiju (Abyss:3)
  A large abomination (Abyss:4)
  A boggart (Depths:2)
  2 small abominations
  A starcursed mass (Abyss:3)
  3 white imps (IceCv)
  2 ufetubi (IceCv)
  3 fungi
  3 lurking horrors
  2 plants
  41 starspawn tentacles
64 creatures vanquished.

Grand Total: 2019 creatures vanquished

Notes
Turn   | Place    | Note
-------+----------+-------------------------------------------
     0 | D:1      | stebl the Gargoyle Fighter began the quest for the Orb.
     0 | D:1      | Reached XP level 1. HP: 14/14 MP: 1/1
   166 | D:1      | Reached XP level 2. HP: 19/19 MP: 2/2
   257 | D:1      | You fall through a shaft!
   656 | D:1      | Reached XP level 3. HP: 23/23 MP: 3/3
   926 | D:2      | Noticed Terence
   931 | D:2      | Killed Terence
  1218 | D:2      | Reached XP level 4. HP: 28/28 MP: 4/4
  1593 | D:2      | Noticed Sigmund
  1974 | D:3      | Found an iron altar of Okawaru.
  1984 | D:3      | Became a worshipper of Warmaster Okawaru
  2019 | D:3      | Reached skill level 5 in Maces & Flails
  2019 | D:3      | Reached XP level 5. HP: 26/32 MP: 5/5
  2096 | D:3      | Noticed Natasha
  2100 | D:3      | Killed Natasha
  2205 | D:3      | Noticed Natasha
  2218 | D:3      | Killed Natasha
  2568 | D:3      | Found a blossoming altar of Fedhas.
  2775 | D:3      | Reached XP level 6. HP: 33/37 MP: 6/6
  3053 | D:4      | Found a sacrificial altar of Ru.
  3190 | D:4      | Reached * piety under Okawaru
  3204 | D:4      | Noticed Natasha
  3225 | D:4      | Killed Natasha
  3356 | D:4      | Reached XP level 7. HP: 43/43 MP: 7/7
  3956 | D:4      | Reached ** piety under Okawaru
  4091 | D:4      | Reached skill level 5 in Fighting
  4204 | D:4      | Found a snail-covered altar of Cheibriados.
  4351 | D:5      | Entered Level 5 of the Dungeon
  4373 | D:5      | Reached XP level 8. HP: 47/50 MP: 8/8
  4382 | D:5      | Found a glowing drain.
  4407 | Sewer    | Entered a sewer
  5984 | D:6      | Reached *** piety under Okawaru
  6201 | D:6      | Reached XP level 9. HP: 57/57 MP: 9/9
  6425 | D:6      | Found a staircase to the Ecumenical Temple.
  6449 | Temple   | Entered the Ecumenical Temple
  6621 | D:7      | Reached skill level 10 in Maces & Flails
  6686 | D:7      | Noticed a hornet
  6704 | D:7      | Killed a hornet
  6704 | D:7      | Reached skill level 1 in Invocations
  6725 | D:7      | Noticed Prince Ribbit
  6736 | D:7      | Killed Prince Ribbit
  6736 | D:7      | Received a gift from Okawaru
  7395 | D:8      | Reached **** piety under Okawaru
  7527 | D:8      | Noticed a two-headed ogre
  7536 | D:8      | Killed a two-headed ogre
  7536 | D:8      | Reached XP level 10. HP: 44/63 MP: 9/13
  7916 | D:8      | Reached ***** piety under Okawaru
  7987 | D:8      | Found a glowing golden altar of the Shining One.
  8004 | D:7      | Learned a level 1 spell: Apportation
  8172 | D:8      | Reached skill level 5 in Invocations
  8269 | D:8      | Found a glowing silver altar of Zin.
  8367 | D:8      | Found a staircase to the Lair.
  8491 | D:8      | Found a burning altar of Makhleb.
  8491 | D:8      | Found an ancient bone altar of Kikubaaqudgha.
  8611 | D:9      | Noticed Erolcha
  8682 | D:9      | Noticed a two-headed ogre
  8694 | D:8      | Killed a two-headed ogre
  8694 | D:8      | Reached XP level 11. HP: 12/67 MP: 6/15
  8925 | D:9      | Killed Erolcha
  9270 | D:9      | Found a white marble altar of Elyvilon.
  9270 | D:9      | Found a burning altar of Makhleb.
  9280 | D:9      | Noticed a fire dragon
  9283 | D:9      | Noticed a deep troll
  9353 | Lair:1   | Entered Level 1 of the Lair of Beasts
  9353 | Lair:1   | Noticed antares's ghost (journeyman MfGl)
  9394 | Lair:1   | Killed antares's ghost
  9394 | Lair:1   | Received a gift from Okawaru
  9411 | Lair:1   | Received a gift from Okawaru
  9615 | Lair:1   | Noticed Gastronok
  9760 | Lair:1   | Reached skill level 15 in Maces & Flails
  9799 | Lair:1   | Identified a scroll of acquirement
  9800 | Lair:1   | Got a fine eveningstar
  9801 | Lair:1   | Identified the +9 eveningstar of Joiny {elec, MR+} (You acquired it on level 1 of the Lair of Beasts)
  9965 | Lair:1   | Killed Gastronok
 10152 | Lair:1   | Reached XP level 12. HP: 76/76 MP: 16/16
 10224 | Lair:2   | Reached ****** piety under Okawaru
 10580 | Lair:2   | Reached skill level 10 in Fighting
 10582 | Lair:2   | Found a staircase to the Snake Pit.
 10599 | Lair:2   | Noticed hawkwood's ghost (journeyman DsWz)
 10613 | Lair:2   | Killed hawkwood's ghost
 10647 | Lair:2   | Received a gift from Okawaru
 11350 | Lair:3   | Received a gift from Okawaru
 11555 | Lair:3   | Noticed Fannar
 11575 | Lair:3   | Killed Fannar
 11757 | Lair:3   | Reached XP level 13. HP: 87/87 MP: 19/19
 11840 | Lair:3   | Noticed a merfolk javelineer
 11857 | Lair:3   | Killed a merfolk javelineer
 11933 | Lair:3   | Found a staircase to the Shoals.
 12526 | Lair:4   | Received a gift from Okawaru
 12533 | Lair:4   | Got a scorched crystal plate armour {god gift}
 12562 | Lair:4   | Identified the +8 crystal plate armour of the Abyss {rC+ Str+4} (Okawaru gifted it to you on level 4 of the Lair of Beasts)
 13218 | Lair:5   | Reached skill level 10 in Invocations
 13888 | Lair:6   | Entered Level 6 of the Lair of Beasts
 13899 | Lair:6   | Reached skill level 15 in Fighting
 13939 | Lair:6   | Found a frozen archway.
 13989 | IceCv    | Entered an ice cave
 14081 | IceCv    | Killed a reaper
 14443 | Lair:6   | Gained mutation: Your large and strong wings let you fly indefinitely. [Gargoyle growth]
 14443 | Lair:6   | Reached XP level 14. HP: 98/98 MP: 22/22
 14565 | Lair:6   | Found a staircase to the Slime Pits.
 14695 | Lair:6   | Received a gift from Okawaru
 15157 | Lair:6   | Learned a level 6 spell: Deflect Missiles
 15413 | Snake:1  | Entered Level 1 of the Snake Pit
 15736 | Snake:1  | Found a deep blue altar of Sif Muna.
 16105 | Snake:2  | Received a gift from Okawaru
 16265 | Snake:2  | Reached XP level 15. HP: 77/108 MP: 10/24
 16440 | Snake:2  | Found Cetou's Weapon Shop.
 16443 | Snake:2  | Found Eqybre's General Store.
 16443 | Snake:2  | Found Tuudih's Distillery.
 16448 | Snake:2  | Found Purokk's Gadget Boutique.
 16451 | Snake:2  | Bought a potion of heal wounds for 60 gold pieces
 16451 | Snake:2  | Bought a potion of heal wounds for 60 gold pieces
 16451 | Snake:2  | Bought a potion of curing for 36 gold pieces
 16457 | Snake:2  | Bought a potion of resistance for 140 gold pieces
 16457 | Snake:2  | Bought 8 javelins for 89 gold pieces
 16457 | Snake:2  | Bought a scroll of blinking for 105 gold pieces
 16616 | Snake:2  | Received a gift from Okawaru
 17155 | Snake:3  | Found Oghidubb's Weapon Boutique.
 17167 | Snake:3  | Found Zeguhid's Antique Weapon Shoppe.
 17215 | Snake:3  | Found Heugatai's General Store.
 17244 | Snake:3  | Bought 2 scrolls of enchant weapon for 210 gold pieces
 17374 | Snake:3  | Found Uhoumets's Antique Armour Emporium.
 17468 | Snake:3  | Reached skill level 4 in Shields
 17549 | Snake:3  | Found Bayn's Book Boutique.
 17614 | Snake:3  | Reached skill level 5 in Shields
 17707 | Snake:3  | Found a runed door.
 17785 | Snake:3  | Reached skill level 5 in Armour
 17818 | Snake:3  | Reached XP level 16. HP: 118/118 MP: 19/26
 17834 | Snake:3  | Reached skill level 6 in Shields
 17863 | Snake:3  | Got a fine bone ring
 17877 | Snake:3  | Identified the ring of Divine Compulsion {Ice +Fly Str+7} (You found it on level 3 of the Snake Pit)
 17900 | Snake:4  | Entered Level 4 of the Snake Pit
 18027 | Snake:4  | Noticed a nagaraja
 18047 | Snake:4  | Killed a nagaraja
 18047 | Snake:4  | Received a gift from Okawaru
 18070 | Snake:4  | Reached skill level 7 in Shields
 18230 | Snake:4  | Reached skill level 8 in Shields
 18471 | Snake:4  | Noticed a nagaraja
 18492 | Snake:4  | Received a gift from Okawaru
 18497 | Snake:4  | Noticed a nagaraja
 18498 | Snake:4  | Killed a nagaraja
 18498 | Snake:4  | Reached skill level 9 in Shields
 18508 | Snake:4  | Killed a nagaraja
 18619 | Snake:4  | Reached skill level 10 in Shields
 18692 | Snake:4  | Noticed a nagaraja
 18701 | Snake:4  | Killed a nagaraja
 18853 | Snake:4  | Received a gift from Okawaru
 18930 | Snake:4  | Reached skill level 11 in Shields
 19022 | Snake:4  | Found Justuxec's Jewellery Shop.
 19105 | Snake:4  | Noticed a nagaraja
 19120 | Snake:4  | Reached skill level 1 in Throwing
 19129 | Snake:4  | Killed a nagaraja
 19129 | Snake:4  | Reached XP level 17. HP: 97/124 MP: 21/27
 19247 | Snake:4  | Got a serpentine rune of Zot
 19511 | Shoals:1 | Entered Level 1 of the Shoals
 19861 | Shoals:1 | Reached skill level 12 in Shields
 20652 | Shoals:2 | Reached skill level 13 in Shields
 20694 | Shoals:2 | Received a gift from Okawaru
 21312 | Shoals:3 | Found Saenlegu's Magic Scroll Shoppe.
 21704 | Shoals:3 | Reached skill level 14 in Shields
 22112 | Shoals:3 | Received a gift from Okawaru
 22146 | Shoals:4 | Entered Level 4 of the Shoals
 22146 | Shoals:4 | Found Qyzenus's Distillery.
 22151 | Shoals:4 | Noticed Donald
 22164 | Shoals:4 | Killed Donald
 22164 | Shoals:4 | Received a gift from Okawaru
 22191 | Shoals:4 | Got a pair of twisted boots {god gift}
 22202 | Shoals:4 | Identified the +2 pair of boots "Coxeucwo" {rElec Stlth+} (Okawaru gifted it to you on level 4 of the Shoals)
 22230 | Shoals:4 | Bought a potion of heal wounds for 85 gold pieces
 22230 | Shoals:4 | Bought a potion of haste for 170 gold pieces
 22230 | Shoals:4 | Bought a potion of haste for 170 gold pieces
 22230 | Shoals:4 | Bought a potion of cancellation for 136 gold pieces
 22398 | Shoals:4 | Reached XP level 18. HP: 129/129 MP: 28/28
 22403 | Shoals:4 | Reached skill level 15 in Shields
 22413 | Shoals:4 | Reached skill level 10 in Armour
 22420 | Shoals:4 | Reached skill level 5 in Throwing
 22425 | Shoals:4 | Got a barnacled rune of Zot
 22483 | Shoals:4 | Noticed Ilsuiw
 22505 | Shoals:4 | Killed Ilsuiw
 22913 | Shoals:4 | Received a gift from Okawaru
 22928 | Shoals:4 | Got an ichor-stained demon whip {god gift}
 22929 | Shoals:4 | Identified the +9 demon whip of Ruamuhy {drain, Str+6} (Okawaru gifted it to you on level 4 of the Shoals)
 23038 | Shoals:4 | Cast into level 4 of the Abyss (a Zot trap)
 23059 | Abyss:4  | Found a corrupted altar of Lugonu.
 23142 | Abyss:4  | Reached skill level 1 in Stealth
 23269 | Abyss:4  | Noticed a bone dragon
 23301 | Abyss:4  | Killed a bone dragon
 23301 | Abyss:4  | Reached skill level 5 in Stealth
 23378 | Abyss:4  | Received a gift from Okawaru
 23517 | Abyss:4  | Noticed a profane servitor
 23713 | Abyss:4  | Reached skill level 10 in Stealth
 23728 | Abyss:4  | Reached XP level 19. HP: 61/135 MP: 9/29
 23802 | Abyss:4  | Gained mutation: You occasionally shout uncontrollably at your foes. [a neqoxec]
 23811 | Abyss:4  | Gained mutation: Armour fits poorly on your strangely shaped body. [a neqoxec]
 23844 | Abyss:4  | Got a brightly glowing large shield
 24035 | Abyss:4  | Noticed a bone dragon
 24065 | Abyss:4  | Found a corrupted altar of Lugonu.
 24166 | Abyss:4  | Received a gift from Okawaru
 24340 | Abyss:4  | Received a gift from Okawaru
 24513 | Abyss:4  | Gained mutation: Your body sometimes deteriorates upon taking damage. [a neqoxec]
 24678 | Abyss:4  | Gained mutation: Your spells are a little easier to cast, but a little less powerful. [a neqoxec]
 24713 | Abyss:4  | Gained mutation: You are weak. (Str -2) [a neqoxec]
 24884 | Abyss:5  | Entered Level 5 of the Abyss
 25111 | Shoals:4 | Escaped the Abyss
 25260 | Shoals:4 | Identified the +6 large shield of the Hot Ocelot {rF+ Dex+4} (You took it off a daeva on level 4 of the Abyss)
 25510 | Lair:2   | Lost mutation: You are weak. (Str -2) [potion of mutation]
 25510 | Lair:2   | Lost mutation: Your spells are a little easier to cast, but a little less powerful. [potion of mutation]
 25510 | Lair:2   | Lost mutation: Armour fits poorly on your strangely shaped body. [potion of mutation]
 25510 | Lair:2   | Lost mutation: Your body sometimes deteriorates upon taking damage. [potion of mutation]
 25510 | Lair:2   | Lost mutation: You occasionally shout uncontrollably at your foes. [potion of mutation]
 25510 | Lair:2   | Gained mutation: You are partially covered in molten scales. (AC +2) [potion of mutation]
 25510 | Lair:2   | Gained mutation: You have a pair of small antennae on your head. [potion of mutation]
 25510 | Lair:2   | Gained mutation: Your muscles are strong. (Str +2) [potion of mutation]
 25626 | D:9      | Noticed Maurice
 25628 | D:9      | Killed Maurice
 25973 | D:10     | Entered Level 10 of the Dungeon
 25973 | D:10     | Found a runed door.
 26702 | D:11     | Received a gift from Okawaru
 26971 | D:11     | Found a staircase to the Orcish Mines.
 27383 | D:12     | Reached XP level 20. HP: 142/142 MP: 30/30
 27396 | D:12     | Identified Ygiuney's Handbook of Sand
 27506 | D:12     | Found an opulent altar of Gozag.
 27747 | D:12     | Found Xuipos's Weapon Boutique.
 27773 | D:12     | Received a gift from Okawaru
 28028 | D:12     | Identified Sif Muna's Incunabulum of Axaxaxas mlö
 28035 | D:12     | Identified the Papyrus of Combed Thunderclap
 28133 | D:13     | Noticed Frances
 28150 | D:13     | Killed Frances
 28172 | D:13     | Found a gate to the Vaults.
 28197 | D:13     | Received a gift from Okawaru
 28218 | D:13     | Reached skill level 16 in Shields
 28277 | D:13     | Got a distressingly furry hat {god gift}
 28288 | D:13     | Identified the +2 hat of a wizard's laboratory {Str-2 Dex+6 SInv} (Okawaru gifted it to you on level 13 of the Dungeon)
 29321 | D:14     | Found an opulent altar of Gozag.
 29469 | D:14     | Found Ffaqiwk's Fabulous Fripperies.
 29573 | D:14     | Reached skill level 17 in Shields
 29799 | D:15     | Entered Level 15 of the Dungeon
 30252 | D:15     | Found a staircase to the Depths.
 30325 | Depths:1 | Entered Level 1 of the Depths
 30356 | Depths:1 | Reached skill level 18 in Shields
 30609 | Depths:1 | Received a gift from Okawaru
 30632 | Depths:1 | Reached skill level 19 in Shields
 30643 | Depths:1 | Got a pitted morningstar {god gift}
 30644 | Depths:1 | Identified the +0 morningstar "Lyel" {flame, rN+ Int+5} (Okawaru gifted it to you on level 1 of the Depths)
 30673 | Depths:1 | Reached XP level 21. HP: 147/147 MP: 31/31
 30974 | Depths:1 | Found a portal to a secret trove of treasure.
 31081 | Depths:1 | Found a gateway to Hell.
 31141 | Depths:1 | Found a gateway to a ziggurat.
 31141 | Depths:1 | Noticed an ancient lich
 31184 | Depths:1 | Found a one-way gate to the infinite horrors of the Abyss.
 31190 | Depths:1 | Voluntarily entered the Abyss.
 31190 | Abyss:1  | Noticed a bone dragon
 31202 | Abyss:1  | Received a gift from Okawaru
 31223 | Abyss:1  | Killed a bone dragon
 31223 | Abyss:1  | Reached skill level 20 in Shields
 31241 | Abyss:1  | Paralysed by accursed screaming for 2 turns
 31273 | Depths:1 | Escaped the Abyss
 31365 | Depths:1 | Voluntarily entered the Abyss.
 31419 | Abyss:1  | Noticed a bone dragon
 31462 | Abyss:1  | Noticed a bone dragon
 31480 | Abyss:1  | Killed a bone dragon
 31525 | Abyss:1  | Received a gift from Okawaru
 31563 | Abyss:2  | Found a corrupted altar of Lugonu.
 31780 | Abyss:3  | Reached skill level 21 in Shields
 32121 | Abyss:3  | Noticed a bone dragon
 32144 | Abyss:3  | Gained mutation: Armour fits poorly on your strangely shaped body. [a neqoxec]
 32146 | Abyss:3  | Received a gift from Okawaru
 32176 | Abyss:3  | Killed a bone dragon
 32224 | Abyss:3  | Gained mutation: Your body sometimes deteriorates upon taking damage. [a neqoxec]
 32507 | Abyss:3  | Reached skill level 22 in Shields
 32507 | Abyss:3  | Reached XP level 22. HP: 141/153 MP: 32/32
 32541 | Abyss:3  | Gained mutation: You are occasionally teleported next to monsters. [mutagenic glow]
 32594 | Abyss:3  | Reached skill level 1 in Dodging
 32626 | Abyss:3  | Gained mutation: You occasionally shout uncontrollably at your foes. [a cacodemon]
 32634 | Abyss:3  | Gained mutation: You expend magic power (3 MP) to strengthen your wands. [a cacodemon]
 32664 | Abyss:3  | Received a gift from Okawaru
 32883 | Abyss:4  | Received a gift from Okawaru
 32927 | Abyss:5  | Entered Level 5 of the Abyss
 32927 | Abyss:5  | Found a sacrificial altar of Ru.
 33004 | Abyss:5  | Received a gift from Okawaru
 33029 | Abyss:5  | Received a gift from Okawaru
 33047 | Abyss:5  | Got an abyssal rune of Zot
 33062 | Abyss:5  | Reached skill level 23 in Shields
 33076 | Depths:1 | Escaped the Abyss
 33244 | D:12     | Lost mutation: Armour fits poorly on your strangely shaped body. [potion of mutation]
 33244 | D:12     | Lost mutation: You expend magic power (3 MP) to strengthen your wands. [potion of mutation]
 33244 | D:12     | Lost mutation: Your body sometimes deteriorates upon taking damage. [potion of mutation]
 33244 | D:12     | Lost mutation: Your muscles are strong. (Str +2) [potion of mutation]
 33244 | D:12     | Gained mutation: You are frail. (-10% HP) [potion of mutation]
 33244 | D:12     | Gained mutation: Scrolls take you a little longer to read. [potion of mutation]
 33244 | D:12     | Gained mutation: You are surrounded by a mild repulsion field. (EV +2) [potion of mutation]
 33504 | Shoals:4 | Bought a potion of mutation for 136 gold pieces
 33504 | Shoals:4 | Lost mutation: You have a pair of small antennae on your head. [potion of mutation]
 33504 | Shoals:4 | Gained mutation: You possess an exceptional clarity of mind. [potion of mutation]
 33504 | Shoals:4 | Gained mutation: You have a pair of small antennae on your head. [potion of mutation]
 34152 | Depths:2 | Received a gift from Okawaru
 34346 | Depths:2 | Found a transporter.
 34551 | Depths:2 | Reached skill level 24 in Shields
 34551 | Depths:2 | Reached XP level 23. HP: 142/142 MP: 33/33
 34600 | Depths:2 | Noticed Asterion
 34619 | Depths:2 | Killed Asterion
 34843 | Depths:2 | Found a transporter.
 34862 | Depths:3 | Reached skill level 5 in Dodging
 35299 | Depths:3 | Received a gift from Okawaru
 35547 | Depths:3 | Found a one-way gate leading to the halls of Pandemonium.
 36100 | Depths:4 | Reached skill level 25 in Shields
 36208 | Depths:4 | Noticed Margery
 36227 | Depths:4 | Received a gift from Okawaru
 36240 | Depths:4 | Killed Margery
 36359 | Depths:4 | Received a gift from Okawaru
 36405 | Depths:4 | Identified a +1 pair of boots of running (Okawaru gifted it to you on level 4 of the Depths)
 36481 | Depths:5 | Entered Level 5 of the Depths
 36593 | Depths:5 | Found a gate to the Realm of Zot.
 36594 | Depths:5 | Noticed a golden dragon
 36619 | Depths:5 | Killed a golden dragon
 36647 | Depths:5 | Reached XP level 24. HP: 145/149 MP: 29/33
 36675 | Zot:1    | Entered Level 1 of the Realm of Zot
 36882 | Depths:5 | Noticed Jory
 36897 | Depths:5 | Killed Jory
 37288 | Zot:1    | Received a gift from Okawaru
 37505 | Zot:1    | Received a gift from Okawaru
 37506 | Zot:1    | Got a warped large shield {god gift}
 37619 | Zot:1    | Identified the +6 large shield "Voug" {MR+ Stlth+} (Okawaru gifted it to you on level 1 of the Realm of Zot)
 38247 | Zot:2    | Reached skill level 10 in Dodging
 38613 | Zot:2    | Reached skill level 10 in Throwing
 39246 | Zot:2    | Received a gift from Okawaru
 39246 | Zot:2    | Reached XP level 25. HP: 115/154 MP: 28/33
 39590 | Zot:3    | Noticed an orb of fire
 39603 | Zot:3    | Killed an orb of fire
 39647 | Zot:3    | Received a gift from Okawaru
 39717 | Zot:3    | Noticed Dharilos's ghost (legendary HuCj)
 39981 | Zot:3    | Killed Dharilos's ghost
 40979 | Zot:4    | Noticed Ruich's ghost (veteran DsGl)
 41009 | Zot:4    | Killed Ruich's ghost
 41009 | Zot:4    | Received a gift from Okawaru
 41088 | Zot:3    | Received a gift from Okawaru
 41115 | Zot:4    | Reached XP level 26. HP: 140/159 MP: 29/33
 41120 | Zot:4    | Received a gift from Okawaru
 41241 | Zot:4    | Found a sparkling altar of Nemelex Xobeh.
 41624 | Zot:4    | Reached skill level 15 in Throwing
 41852 | Zot:5    | Entered Level 5 of the Realm of Zot
 42091 | Zot:5    | Noticed an ancient lich
 42092 | Zot:5    | Noticed an orb of fire
 42092 | Zot:5    | Noticed an orb of fire
 42092 | Zot:5    | Gained mutation: You are very frail. (-20% HP) [an orb of fire]
 42108 | Zot:5    | Killed an orb of fire
 42124 | Zot:5    | Killed an ancient lich
 42135 | Zot:5    | Gained mutation: Your body sometimes deteriorates upon taking damage. [an orb of fire]
 42136 | Zot:5    | Killed an orb of fire
 42136 | Zot:5    | Slain by an Orb Guardian

Skill      XL: |  1  2  3  4  5  6  7  8  9 10 11 12 13 14 15 16 17 18 19 20 21 22 23 24 25 26 |
---------------+-------------------------------------------------------------------------------+-----
Maces & Flails | 3 4 5 6 8 9 12 13 15 16 | 16.0
Fighting       | 4 5 7 9 12 15 18 20 21 | 21.5
Invocations    | 4 5 6 8 11 13 14 | 14.0
Shields        | 5 11 14 15 19 22 24 25 | 25.0
Armour         | 5 9 11 12 | 12.6
Throwing       | 1 4 7 10 14 15 | 15.8
Stealth        | 10 13 | 13.8
Dodging        | 4 7 11 12 13 | 13.4

Action                   |  1- 3 |  4- 6 |  7- 9 | 10-12 | 13-15 | 16-18 | 19-21 | 22-24 | 25-27 || total
-------------------------+-------+-------+-------+-------+-------+-------+-------+-------+-------++-------
Melee: Flail             |    56 |    63 |       |       |       |       |       |       |       ||   119
       Morningstar       |       |   101 |   473 |   371 |       |       |       |       |       ||   945
       Eveningstar       |       |       |       |   197 |   786 |  1182 |  1607 |  1654 |   679 ||  6105
       Demon whip        |       |       |       |       |       |       |   351 |       |       ||   351
Throw: Stone             |     1 |     3 |     6 |     2 |       |       |       |       |       ||    12
       Tomahawk          |       |       |       |    13 |       |       |       |       |       ||    13
       Javelin           |       |       |       |     1 |    27 |    20 |    43 |    32 |    11 ||   134
Invok: Heroism           |       |       |     3 |     7 |     4 |     9 |    12 |     5 |     4 ||    44
       Finesse           |       |       |       |     6 |     4 |     7 |    10 |     6 |     2 ||    35
 Abil: Fly               |       |       |       |       |     1 |       |       |       |       ||     1
Evoke: Wand              |     1 |     2 |     6 |     1 |     2 |       |     2 |     1 |       ||    15
       Sack of spiders   |       |       |       |       |       |       |       |       |     1 ||     1
  Use: Scroll            |       |     7 |     1 |     9 |     6 |     8 |    16 |     5 |     3 ||    55
       Potion            |       |       |       |     1 |       |     1 |     5 |     4 |     4 ||    15
 Stab: Confused          |       |       |       |     2 |       |       |     6 |     1 |       ||     9
       Distracted        |       |       |       |       |       |     1 |       |       |       ||     1
       Paralysed         |       |       |       |       |       |       |     1 |       |       ||     1
       Petrifying        |       |       |       |       |       |       |     1 |       |       ||     1
       Invisible         |       |       |       |       |       |       |     1 |     1 |       ||     2
  Eat: Chunk             |     1 |     7 |    15 |    16 |    20 |     7 |    21 |    19 |     8 ||   114
       Bread ration      |       |       |       |       |       |     3 |       |       |       ||     3
       Royal jelly       |       |       |       |       |       |     1 |     3 |     2 |       ||     6
       Fruit             |       |       |       |       |       |     2 |       |       |     2 ||     4
Armor: Scale mail        |    27 |     7 |       |       |       |       |       |       |       ||    34
       Storm dragon scal |       |   112 |   228 |   171 |    36 |       |       |       |       ||   547
       Chain mail        |       |       |       |   133 |       |       |       |       |       ||   133
       Crystal plate arm |       |       |       |       |   451 |   778 |   561 |   596 |   214 ||  2600
Dodge: Dodged            |    16 |    36 |    78 |   162 |    88 |   266 |   216 |   412 |   209 ||  1483
Block: Shield            |    20 |    87 |   174 |       |       |   337 |   257 |       |       ||   875
       Buckler           |       |       |     9 |   176 |   167 |   152 |       |       |       ||   504
       Large shield      |       |       |       |       |       |   353 |  1459 |  2070 |   750 ||  4632
